General information
- name: BNet
- type: Ladder 1vs1/FFA
- host: Battle.net
- saver: foreverasone
map: TerenasStand
- players: 2
- length: 31:29
- speed: Fast
- version: 1.26 W3XP
- replay type: Public
» download(149 KB)
Players
team 1 (winner)
foreverasone (
purple | 180 APM | 5664 actions | 31:29)
8 Mountain King
3 Storm Bolt
3 Bash
1 Avatar
1 Thunder Clap
3 Blood Mage
2 Siphon Mana
1 Banish
» actions
| Assign group hotkey | 50 | |
| Basic commands | 218 | |
| Build / train | 145 | |
| ESC pressed | 15 | |
| Enter build submenu | 48 | |
| Enter hero's abilities submenu | 11 | |
| Give item / drop item | 11 | |
| Right click | 1630 | |
| Select / deselect | 743 | |
| Select group hotkey | 2539 | |
| Use ability | 254 | |
5664 total
» units
| Peasant | 21 | |
| Footman | 11 | |
| Goblin Shredder | 4 | |
| Spell Breaker | 6 | |
| Priest | 1 | |
| Flying Machine | 9 | |
| Gryphon Rider | 3 | |
55 total
» upgrades
| Defend | 1 | |
| Masonry | 3 | |
| Magic Sentry | 1 | |
| Swords | 1 | |
| Priest Training | 1 | |
| Plating | 1 | |
| Flak Cannons | 1 | |
| Flying Machine Bombs | 1 | |
10 total
» buildings
| Altar of Kings | 1 | |
| Barracks | 1 | |
| Farm | 14 | |
| Scout Tower | 19 | |
| Arcane Tower | 2 | |
| Lumber Mill | 1 | |
| Guard Tower | 14 | |
| Arcane Vault | 1 | |
| Town Hall | 3 | |
| Keep | 2 | |
| Arcane Sanctum | 2 | |
| Blacksmith | 2 | |
| Workshop | 4 | |
| Castle | 2 | |
| Gryphon Aviary | 2 | |
70 total
» build order
00:06 Altar of Kings
00:19 Barracks
00:34 Farm
00:49 Farm
01:29 Farm
01:42 Scout Tower
02:12 Arcane Tower
03:18 Scout Tower
04:03 Lumber Mill
04:05 Farm
04:40 Farm
05:07 Scout Tower
05:09 Guard Tower
05:16 Arcane Vault
05:17 Scout Tower
05:21 Guard Tower
05:21 Guard Tower
05:37 Guard Tower
06:35 Town Hall
07:46 Keep
08:01 Scout Tower
08:02 Scout Tower
08:05 Scout Tower
08:06 Scout Tower
08:08 Scout Tower
09:02 Guard Tower
10:45 Arcane Sanctum
10:46 Arcane Sanctum
11:05 Guard Tower
11:05 Guard Tower
11:08 Scout Tower
11:43 Guard Tower
11:45 Scout Tower
11:45 Scout Tower
11:46 Scout Tower
11:59 Scout Tower
12:22 Guard Tower
12:48 Guard Tower
13:44 Blacksmith
13:48 Blacksmith
13:59 Farm
14:00 Farm
14:00 Farm
15:03 Workshop
15:04 Workshop
15:05 Workshop
15:16 Workshop
16:37 Farm
16:38 Farm
16:38 Farm
16:39 Farm
17:07 Farm
17:08 Farm
18:16 Castle
20:56 Town Hall
21:01 Scout Tower
21:03 Scout Tower
21:03 Scout Tower
21:03 Scout Tower
22:32 Gryphon Aviary
22:33 Gryphon Aviary
26:22 Town Hall
» items
| Boots of Speed | 1 | |
| Dust of Appearance | 1 | |
| Scroll of Regeneration | 12 | |
| Lesser Clarity Potion | 6 | |
| Potion of Lesser Invulnerability | 2 | |
| Potion of Healing | 5 | |
| Scroll of Town Portal | 4 | |
| Potion of Mana | 2 | |
| Scroll of Healing | 1 | |
| Staff of Teleportation | 1 | |
35 total
team 2 (loser)
Iam)orc (
blue | 195 APM | 6122 actions | 31:19)
5 Death Knight
3 Death Coil
2 Unholy Aura
4 Lich
2 Frost Nova
2 Dark Ritual
» actions
| Assign group hotkey | 180 | |
| Basic commands | 131 | |
| Build / train | 82 | |
| Enter build submenu | 26 | |
| Enter hero's abilities submenu | 10 | |
| Give item / drop item | 4 | |
| Remove unit from queue | 9 | |
| Right click | 1745 | |
| Select / deselect | 697 | |
| Select group hotkey | 3104 | |
| Use ability | 132 | |
6122 total
» units
| Acolyte | 13 | |
| Ghoul | 8 | |
| Crypt Fiend | 4 | |
| Obsidian Statue | 5 | |
| Abomination | 5 | |
| Ogre Mauler | 1 | |
| Forest Troll Shadow Priest | 4 | |
| Forest Troll Berserker | 2 | |
| Meatwagon | 1 | |
| Necromancer | 1 | |
44 total
» upgrades
| Burrow | 0 | |
| Destroyer Form | 1 | |
| Disease Cloud | 1 | |
2 total
» buildings
| Altar of Darkness | 1 | |
| Ziggurat | 8 | |
| Crypt | 1 | |
| Tomb of Relics | 1 | |
| Halls of the Dead | 1 | |
| Nerubian Tower | 3 | |
| Graveyard | 1 | |
| Black Citadel | 1 | |
| Slaughterhouse | 1 | |
| Necropolis | 2 | |
| Spirit Tower | 1 | |
| Temple of the Damned | 1 | |
22 total
» build order
00:08 Altar of Darkness
00:10 Ziggurat
00:33 Crypt
00:48 Tomb of Relics
01:27 Ziggurat
03:11 Halls of the Dead
04:03 Nerubian Tower
04:03 Nerubian Tower
04:22 Graveyard
04:44 Ziggurat
05:39 Black Citadel
05:45 Slaughterhouse
10:52 Ziggurat
10:54 Ziggurat
15:48 Necropolis
17:05 Ziggurat
17:06 Ziggurat
17:07 Ziggurat
18:03 Spirit Tower
21:03 Temple of the Damned
22:49 Necropolis
» items
| Rod of Necromancy | 1 | |
| Boots of Speed | 1 | |
| Scroll of Healing | 1 | |
| Potion of Lesser Invulnerability | 4 | |
| Scroll of Town Portal | 1 | |
8 total
Chat log
(00:26 / All) foreverasone: IS CLAN LUX ALL LEGIT PLAYERS
(00:37 / All) Iam)orc: yes
(00:42 / All) Iam)orc: why you hack me?
(00:47 / All) foreverasone: no im wondering
(00:52 / All) foreverasone: everyone says they hack
(00:53 / All) Iam)orc: why all caps ol
(00:54 / All) foreverasone: and ur sham..
(00:59 / All) Iam)orc: no lol we dont hack
(01:16 / All) Iam)orc: maybe like 2 kids
(01:32 / All) foreverasone: ight fosho
(01:37 / All) Iam)orc: fosho?
(01:42 / All) Iam)orc: interesting
(01:43 / All) Iam)orc: logic
(07:34 / All) Iam)orc: bad reACTION TIME
(07:35 / All) Iam)orc: FUCK
(07:44 / All) foreverasone: better cancel tech-_-
(07:48 / All) Iam)orc: nah
(08:01 / All) Iam)orc: no pint
(08:40 / All) foreverasone: lol
(08:48 / All) foreverasone: gosu
(08:50 / All) foreverasone: gotta love lux
(08:56 / All) Iam)orc: how so
(09:02 / All) Iam)orc: you could of tp
(09:03 / All) Iam)orc: easy
(09:07 / All) foreverasone: was buying
(09:10 / All) foreverasone: u turn up great timing
(14:55 / All) foreverasone: lol?
(27:03 / All) foreverasone: lol
(27:04 / All) foreverasone: bash
(27:08 / All) Iam)orc: so gay
(27:11 / All) foreverasone: gg
(27:17 / All) Iam)orc: why you leaving?
(27:25 / All) foreverasone: u won -__
(27:33 / All) Iam)orc: yes i win
(27:37 / All) foreverasone: i sad that
(27:41 / All) Iam)orc: leave then
(27:44 / All) foreverasone: okay cya
(27:56 / All) Iam)orc: bye?
(27:59 / All) foreverasone: god ur an asshole hacker
(28:03 / All) Iam)orc: haha
(28:06 / All) Iam)orc: just wait
(28:07 / All) Iam)orc: :)
(28:08 / All) foreverasone: feels good winning
(28:13 / All) Iam)orc: does it?
(28:21 / All) foreverasone: lol
(28:22 / All) foreverasone: nic
(28:28 / All) foreverasone: d/c
(28:32 / All) foreverasone: no wonder
(28:37 / All) foreverasone: wp
(28:52 / All) foreverasone: lol
(28:56 / All) foreverasone: only way to win
(28:59 / All) foreverasone: litle bitch
(29:37 / All) foreverasone: u got no skill so u drop ppl
(29:40 / All) foreverasone: so pathetic kid
(30:15 / All) Iam)orc: send me a picture of what you look like
(30:18 / All) Iam)orc: I want to laugh really fast
(30:19 / All) foreverasone: this is straming btw
(30:23 / All) Iam)orc: straming?
(30:24 / All) foreverasone: streaming
(30:29 / All) foreverasone: so funny
(30:30 / All) Iam)orc: reeetaardddd
(30:31 / All) Iam)orc: who are you virgin
(30:32 / All) foreverasone: u and ur pathetic clan
(30:35 / All) Iam)orc: LOL
(30:37 / All) Iam)orc: wah wah wah
(30:41 / All) Iam)orc: I pick my worst race
(30:43 / All) Iam)orc: and still almost beat you
(30:44 / All) Iam)orc: joke
(30:45 / All) Iam)orc: you are
(30:47 / All) foreverasone: yes
(30:51 / All) foreverasone: and u have to lag hack
(30:52 / All) Iam)orc: mad?
(30:52 / All) foreverasone: wp
(30:57 / All) Iam)orc: im not lag hacking
(30:57 / All) Iam)orc: virgin
(31:00 / All) Iam)orc: wtf are you talkikng ahout
(31:03 / All) foreverasone: why am i laggin once i win?
(31:04 / All) foreverasone: lol
(31:08 / All) Iam)orc: ho
(31:13 / All) foreverasone: idioot noob
(31:14 / All) Iam)orc: how do I know what your cocnut internet is like
(31:18 / All) foreverasone: u say watch this
(31:18 / All) Iam)orc: virginnn downnn